 Dungeon Crawl Stone Soup version 0.28-a0-863-g8cecda6153 (webtiles) character file.

Game seed: 3628903207439373012

16801 siradein the Fighter (level 12, -3/176 (194) HPs)
             Began as a Demonspawn Chaos Knight on Nov 19, 2021.
             Was a Plaything of Xom.
             Killed from afar by a rime drake (13 damage)
             ... with a flash freeze
             ... on level 2 of the Lair of Beasts.
             The game lasted 00:56:05 (15252 turns).

siradein the Fighter (Demonspawn Chaos Knight)     Turns: 15252, Time: 00:56:05

HP:   -3/176 (194)  AC: 22    Str: 14    XL:     12   Next: 13%
MP:   0/12          EV:  5    Int: 16    God:    Xom [*.....]
Gold: 756           SH:  9    Dex: 15    Spells: 10/11 levels left

rFire   + . .      SeeInvis .   O - +7 whip "Fiym" {pain, Int+3}
rCold   . . .      Faith    .   H - +0 kite shield
rNeg    + . .      Spirit   +   q - +0 plate armour {Will+}
rPois   .          Reflect  .   G - +2 hat of the Bear Spirit {Spirit, *Rage Will++}
rElec   .          Harm     .   Q - +1 cloak
rCorr   .          Rampage  .   (no gloves)
Will    +++..      Rage     20% (no boots)
Stlth   ..........              m - amulet of guardian spirit
HPRegen 0.39/turn               R - ring of positive energy
MPRegen 0.13/turn               (no ring)

@: berserking (expiring), lethally poisoned (-3 -> -4), drained, very quick
A: horns 1, molten scales 2, demonic guardian 2, ignite blood 2, beak, dopey 1,
fire resistance 1, shaggy fur 1, evolution 1
a: Renounce Religion


You were on level 2 of the Lair of Beasts.
You worshipped Xom.
You were a special plaything of Xom.
You visited 2 branches of the dungeon, and saw 13 of its levels.

You collected 756 gold pieces.

Inventory:

Hand Weapons
 n - a +0 morningstar
 r - a +1 vorpal flail
 u - a +2 whip of electrocution
 E - a +2 whip of venom
 J - the +3 dagger "Leatzuot" {vorpal, Dex+5}
   (You found it on level 7 of the Dungeon)

   It inflicts extra damage upon your enemies.
   Dex:       It affects your dexterity (+5).
 O - the +7 whip "Fiym" (weapon) {pain, Int+3}
   (You found it on level 9 of the Dungeon)

   In the hands of one skilled in necromantic magic, it inflicts extra damage on
   living creatures.
   Int:       It affects your intelligence (+3).
Missiles
 p - 47 poisoned darts (quivered)
 s - 6 javelins
 y - 8 boomerangs
 S - 2 throwing nets
Armour
 q - a +0 plate armour of willpower (worn)
 G - the +2 hat of the Bear Spirit (worn) {Spirit, *Rage Will++}
   (You found it on level 7 of the Dungeon)

   Going berserk makes the wearer tougher, and they're slowed less afterward.
   *Rage:     It berserks you when you make melee attacks (+20% chance).
   Will:      It greatly increases your willpower.
 H - a +0 kite shield (worn)
 Q - a +1 cloak (worn)
Jewellery
 e - a ring of ice
 m - an amulet of guardian spirit (around neck)
 R - a ring of positive energy (left hand)
Wands
 b - a wand of polymorph (19)
 l - a wand of iceblast (28)
 x - a wand of mindburst (14)
 I - a wand of charming (5)
 M - a wand of flame (16)
Scrolls
 d - 3 scrolls of immolation
 i - 2 scrolls of enchant weapon
 o - 2 scrolls of fog
 v - 3 scrolls of vulnerability {unknown}
 w - 2 scrolls of magic mapping
 z - a scroll of enchant armour {unknown}
 A - a scroll of brand weapon {unknown}
 C - 2 scrolls of teleportation
 F - a scroll of acquirement {unknown}
 K - 2 scrolls of amnesia {unknown}
 P - 2 scrolls of blinking {unknown}
Potions
 a - 3 potions of brilliance
 f - 3 potions of might
 g - a potion of degeneration {unknown}
 h - 3 potions of lignification
 j - 5 potions of flight
 k - a potion of mutation {unknown}
 t - a potion of haste
 B - a potion of cancellation {unknown}
 D - 6 potions of heal wounds
 L - a potion of attraction {unknown}
 N - 2 potions of berserk rage {unknown}
 U - 2 potions of magic {unknown}


   Skills:
 + Level 10.0 Fighting
 + Level 9.1 Maces & Flails
 + Level 8.9 Armour
 + Level 8.7 Dodging
 + Level 5.0 Shields
 + Level 4.4 Necromancy


You had 10 spell levels left.
You knew the following spells:

 Your Spells              Type           Power      Damage    Failure   Level
a - Apportation           Tloc           0%         N/A       100%        1

Your spell library contained the following spells:

 Spells                   Type           Power      Damage    Failure   Level
 Animate Skeleton         Necr           28%        N/A       100%        1
 Sandblast                Erth           0%         2d4       100%        1
 Summon Small Mammal      Summ           0%         N/A       100%        1
 Passwall                 Tmut/Erth      0%         N/A       100%        2
 Scorch                   Fire           0%         2d5       100%        2
 Stone Arrow              Conj/Erth      0%         3d7       100%        3
 Swiftness                Air            0%         N/A       100%        3
 Flame Wave               Conj/Fire      0%         3d3       100%        4
 Summon Cactus Giant      Summ           0%         N/A       100%        6


Dungeon Overview and Level Annotations

Branches:
Dungeon (11/15)            Temple (0/1) D:7            Lair (2/6) D:9
    Orc (0/2) D:11
  Swamp: Lair:2-4    Shoals: Lair:2-4     Snake: Lair:2-4    Spider: Lair:2-4

Altars:
Ashenzari
Cheibriados
Hepliaklqana
Qazlal
Sif Muna
Trog
Vehumet
Wu Jian
Xom
Yredelemnul

Annotations:
D:2 Sigmund
Lair:1 2 transporters, Jethan's ghost, journeyman DjWz


Innate Abilities, Weirdness & Mutations

You have a pair of small horns on your head.
You are mostly covered in molten scales. (AC +3)
A demonic guardian rushes to your aid.
Your demonic aura often causes spilled blood to erupt in flames.
You have a beak for a mouth.
You are dopey. (Int -2)
Your flesh is heat resistant. (rF+)
You are covered in fur. (AC +1)
You have hidden genetic potential.


Message History

You block the ufetubus's attack.
The ufetubus hits you but does no damage.
You feel very sick. The cane toad completely misses you.
You feel sick.
You feel sick.
A red film seems to cover your vision as you go berserk!
You feel yourself moving faster!
You feel mighty!
You closely miss the cane toad. You headbutt the cane toad.
You peck the cane toad.
The cane toad is lightly wounded.
You feel sick. The cane toad stings you!!
* * * LOW HITPOINT WARNING * * *
A demonic guardian appears!
You hit the cane toad.
The cane toad writhes in agony.
Your headbutt misses the cane toad.
The cane toad is heavily wounded.
You feel sick.
The ufetubus closely misses your soul eater. x2
Unknown command.
You feel sick.
Your soul eater hits the cane toad.
The ufetubus closely misses your soul eater.
The ufetubus hits your soul eater.
You hit the cane toad.
The cane toad writhes in agony.
You headbutt the cane toad!
The cane toad is almost dead.
The cane toad is engulfed in blazing flames.
You kill the cane toad!
Your soul eater closely misses the ufetubus.
The ufetubus barely misses your soul eater. x2
Your Shields skill increases to level 5!
You feel sick.
The crimson imp blinks!
The ufetubus closely misses your soul eater. x2
The ufetubus hits your soul eater but does no damage.
The ufetubus closely misses your soul eater.
You feel a strong urge to attack something.
You feel sick. The rime drake breathes ice at you. The flash freeze hits you!
You die...

...####.......## #.#P.####...##
.....##........#### #...###..#..
..#†...<........#.####...##......
.##..........................<#P.
.##..##........#.........P...###.
....#####..#....##.#P..##.P.## #.
.P.## ###.P##P.P.####..####.####.
...# #...####....###..###..##.P.
..### ##.## ##.@.##...P##...#...
..#.####.# #P................##
.........# #............P...#
#..##....## #.(.☼○5#.....#..P##
##..####.P#####..3.##........PP##
##..## #....##..5.5k§..........##
##...###.......#5..#.5...........
##....†...........###§.........##
..#........P.......##...#....###.


You could see a rime drake (catching breath), an iron imp (summoned), 3 ufetubi
and a friendly soul eater (summoned).

Vanquished Creatures
  Erolcha (D:9)
  A hydra (D:7)
  Harold (D:10)
  A gargoyle (D:11)
  6 cane toads
  A kobold demonologist (D:9)
  A komodo dragon (D:9)
  Psyche (D:11)
  2 trolls
  A polar bear (shapeshifter) (D:9)
  Grinder (D:5)
  3 hornets
  5 blink frogs (Lair:1)
  A wraith (D:7)
  A wyvern (D:8)
  A shadow (D:11)
  A vampire (D:11)
  Eustachio (D:5)
  11 yaks
  A basilisk (D:11)
  A human (shapeshifter) (D:1)
  3 steam dragons
  9 water moccasins
  A hornet zombie (D:8)
  9 orc warriors
  A sky beast (D:7)
  6 black bears
  An ice beast (D:6)
  A necrophage (D:6)
  3 centaurs
  2 ogres
  2 phantoms
  A kobold brigand (D:9)
  2 gnoll sergeants
  A wyvern zombie (D:7)
  5 bullfrogs
  2 scorpions
  A wyvern skeleton (D:7)
  11 killer bees
  4 howler monkeys (D:7)
  4 wights
  3 centaur zombies
  4 hounds
  A jelly (D:6)
  6 orc priests
  3 gnoll shamans
  3 bullfrog skeletons
  Jessica (D:3)
  An iguana (D:4)
  A scorpion zombie (D:5)
  19 orc wizards
  Ijyb (D:5)
  A killer bee zombie (D:9)
  A hound skeleton (D:5)
  3 howler monkey zombies
  22 gnolls
  5 adders
  A shadow imp (D:5)
  2 white imps
  2 worms
  2 dart slugs
  52 orcs
  8 ball pythons
  9 endoplasms
  4 giant cockroaches
  7 goblins
  5 hobgoblins
  6 jackals
  13 kobolds
  5 quokkas
  4 bats
  6 frilled lizards
  2 rats (D:1)
  A spectral goblin (D:9)
316 creatures vanquished.

Vanquished Creatures (collateral kills)
  A slime creature (D:7)
  2 gnolls (D:5)
  An adder (D:5)
  An orc (D:6)
5 creatures vanquished.

Vanquished Creatures (others)
  23 fungi
  14 plants
37 creatures vanquished.

Grand Total: 358 creatures vanquished

Notes
Turn   | Place    | Note
-------+----------+-------------------------------------------
     0 | D:1      | siradein the Demonspawn Chaos Knight began the quest for
                  | the Orb.
     0 | D:1      | Reached XP level 1. HP: 18/18 MP: 1/1
    33 | D:1      | Reached skill level 1 in Dodging
   146 | D:1      | Gained mutation: Your demonic aura sometimes causes spilled
                  | blood to erupt in flames. [demonic ancestry]
   146 | D:1      | Reached XP level 2. HP: 18/24 MP: 2/2
   348 | D:1      | XOM: cloud trail
   467 | D:1      | XOM: divination: detect items
   467 | D:1      | XOM: smoke on damage
   485 | D:1      | XOM: silly message
   653 | D:1      | XOM: divination: detect items
   654 | D:1      | XOM: silly message
   835 | D:1      | Found a faded altar of an unknown god.
   950 | D:1      | XOM: scenery: create altars
  1205 | D:1      | Noticed a shapeshifter
  1205 | D:1      | a frilled lizard changed into a shapeshifter
  1205 | D:1      | Noticed a human
  1205 | D:1      | a shapeshifter changed into a human
  1219 | D:1      | Killed a human
  1220 | D:1      | Reached XP level 3. HP: 21/30 MP: 3/3
  1220 | D:1      | Gained mutation: You have a pair of small horns on your
                  | head. [demonic ancestry]
  1220 | D:1      | Reached XP level 4. HP: 26/37 MP: 4/4
  1220 | D:1      | Gained mutation: You are partially covered in molten
                  | scales. (AC +2) [demonic ancestry]
  1220 | D:1      | Reached XP level 5. HP: 29/42 MP: 5/5
  1364 | D:1      | XOM: scenery: 1 doors close
  1475 | D:2      | XOM: noise
  1564 | D:2      | Reached skill level 4 in Fighting
  1745 | D:2      | Noticed Sigmund
  1796 | D:3      | Noticed Jessica
  1805 | D:3      | Killed Jessica
  2090 | D:3      | XOM: enchant monster (good)
  2094 | D:3      | Reached XP level 6. HP: 10/48 MP: 0/6
  2681 | D:4      | XOM: cast spell 'Dispersal'
  2869 | D:4      | XOM: 4-stop teleportation journey
  3002 | D:4      | XOM: scenery: summon butterflies
  3254 | D:4      | XOM: scenery: summon butterflies
  3267 | D:4      | XOM: scenery: summon butterflies
  3290 | D:4      | Gained mutation: Your demonic aura often causes spilled
                  | blood to erupt in flames. [demonic ancestry]
  3290 | D:4      | Reached XP level 7. HP: 49/55 MP: 5/7
  3677 | D:5      | Entered Level 5 of the Dungeon
  3986 | D:5      | Reached skill level 5 in Fighting
  4000 | D:5      | XOM: give mutations
  4000 | D:5      | Gained mutation: Your flesh is cold resistant. (rC+) [Xom's
                  | grace]
  4000 | D:5      | Gained mutation: You are covered in fur. (AC +1) [Xom's
                  | grace]
  4000 | D:5      | Gained mutation: Your muscles are strong. (Str +2) [Xom's
                  | grace]
  4086 | D:5      | Noticed Ijyb
  4102 | D:5      | Killed Ijyb
  4124 | D:5      | Noticed Grinder
  4129 | D:5      | XOM: fog
  4144 | D:5      | XOM: scenery: summon butterflies
  4153 | D:5      | XOM: confuse monster(s)
  4160 | D:5      | Killed Grinder
  4259 | D:5      | XOM: 1-stop teleportation journey
  4306 | D:5      | XOM: cloud trail
  4347 | D:5      | Reached skill level 5 in Maces & Flails
  4347 | D:5      | Gained mutation: A weak demonic guardian rushes to your
                  | aid. [demonic ancestry]
  4347 | D:5      | Reached XP level 8. HP: 62/63 MP: 6/8
  4376 | D:5      | Noticed Eustachio
  4382 | D:5      | Killed Eustachio
  4613 | D:5      | XOM: enchant monster (good)
  4621 | D:5      | XOM: polymorph adder -> giant cockroach
  4622 | D:5      | XOM: destruction
  4625 | D:5      | Reached skill level 6 in Fighting
  4625 | D:5      | Reached skill level 5 in Armour
  4625 | D:5      | XOM: fake destruction
  4630 | D:5      | XOM: fog
  4634 | D:5      | XOM: confuse monster(s)
  4800 | D:4      | XOM: silly message
  4906 | D:5      | Reached skill level 5 in Dodging
  5020 | D:4      | XOM: silly message
  5079 | D:4      | XOM: noise
  5157 | D:4      | XOM: god gift: brightly glowing robe {god gift}
  5157 | D:4      | Identified the +1 robe of Jaul {Drain rN+++ Slay+5 Stlth+}
                  | (Xom gifted it to you on level 4 of the Dungeon)
  5197 | D:4      | Learned a level 1 spell: Apportation
  5293 | D:5      | XOM: summons friendly ufetubus
  5320 | D:5      | Found a bloodstained altar of Trog.
  5385 | D:5      | XOM: 1-stop teleportation journey
  5482 | D:5      | XOM: summons 4 friendly demons
  5485 | D:5      | Gained mutation: You are mostly covered in molten scales.
                  | (AC +3) [demonic ancestry]
  5485 | D:5      | Reached XP level 9. HP: 71/71 MP: 9/9
  6054 | D:5      | XOM: divination: magic mapping
  6136 | D:5      | XOM: confuse monster(s)
  6370 | D:5      | XOM: silly message
  6580 | D:6      | Reached skill level 7 in Fighting
  6732 | D:6      | XOM: silly message
  6733 | D:6      | XOM: cleaving
  7031 | D:7      | You fall into a shaft and drop 1 floor!
  7031 | D:8      | Found a shimmering blue altar of Sif Muna.
  7099 | D:7      | Found a stormy altar of Qazlal.
  7208 | D:7      | Found a staircase to the Ecumenical Temple.
  7229 | D:7      | XOM: cleaving
  7390 | D:7      | Noticed an eight-headed hydra
  7480 | D:7      | XOM: scenery: summon butterflies
  7502 | D:7      | XOM: blink monster(s)
  7611 | D:7      | XOM: divination: magic mapping
  7794 | D:7      | Noticed a troll
  7803 | D:7      | Killed a troll
  7817 | D:7      | XOM: scenery: summon butterflies
  7828 | D:7      | XOM: divination: detect creatures
  7856 | D:7      | XOM: confuse monster(s)
  7869 | D:7      | XOM: noise
  7870 | D:7      | Killed an eight-headed hydra
  7871 | D:7      | Reached skill level 8 in Fighting
  7871 | D:7      | Reached XP level 10. HP: 57/80 MP: 7/10
  8037 | D:7      | Found the +2 hat of the Bear Spirit {Spirit, *Rage Will++}
  8038 | D:7      | XOM: silly message
  8070 | D:7      | XOM: enchant monster (bad)
  8072 | D:7      | XOM: enchant monster (bad)
  8312 | D:7      | XOM: 2-stop teleportation journey
  8595 | D:7      | XOM: scenery: 2 doors close
  8789 | D:7      | XOM: cloud trail
  8896 | D:7      | Identified the +3 dagger "Leatzuot" {vorpal, Dex+5}
  9087 | D:8      | Reached skill level 1 in Shields
  9196 | D:8      | XOM: scenery: 1 doors close
  9477 | D:8      | XOM: 1-stop teleportation journey
  9493 | D:8      | XOM: give mutations
  9493 | D:8      | Gained mutation: You have a beak for a mouth. [Xom's grace]
  9493 | D:8      | Gained mutation: Your flesh is heat resistant. (rF+) [Xom's
                  | grace]
  9493 | D:8      | Gained mutation: You are agile. (Dex +2) [Xom's grace]
  9631 | D:8      | XOM: scenery: 1 doors open, 1 doors close
  9751 | D:8      | XOM: cloud trail
  9989 | D:9      | XOM: scenery: create altars
 10095 | D:9      | Noticed a sixfirhy
 10098 | D:9      | XOM: confuse monster(s)
 10448 | D:9      | XOM: polymorph yak -> shapeshifter
 10466 | D:9      | XOM: noise
 10470 | D:9      | XOM: blink monster(s)
 10474 | D:9      | XOM: blink monster(s)
 10545 | D:9      | Noticed Erolcha
 10557 | D:9      | XOM: summons 7 friendly demons
 10561 | D:9      | Killed Erolcha
 10562 | D:9      | Reached skill level 9 in Fighting
 10562 | D:9      | Reached XP level 11. HP: 89/89 MP: 11/11
 10592 | D:9      | Found a staircase to the Lair.
 10658 | D:9      | XOM: 1-stop teleportation journey
 10659 | D:9      | Found a hazy altar of Hepliaklqana.
 10799 | D:9      | Identified the +7 whip "Fiym" {pain, Int+3}
 11217 | D:10     | Entered Level 10 of the Dungeon
 11315 | D:10     | Reached skill level 1 in Necromancy
 11652 | D:10     | Found a basalt altar of Yredelemnul.
 11655 | D:10     | Found a broken altar of Ashenzari.
 11655 | D:10     | Noticed Harold
 11660 | D:10     | XOM: summons 5 hostile demons
 11661 | D:10     | Noticed a soul eater
 11748 | D:10     | XOM: noise
 11752 | D:10     | XOM: stat loss: -1 Str (15/16)
 11758 | D:10     | Killed Harold
 11762 | D:10     | XOM: summons 2 hostile shadow creatures
 11767 | D:10     | XOM: polymorph komodo dragon -> raiju
 11771 | D:10     | Found a snail-covered altar of Cheibriados.
 11854 | D:10     | XOM: silly message
 11899 | D:10     | XOM: summons 6 hostile demons
 11923 | D:10     | HP: 4/89 [smoke demon/divine providence[Xom] (12)]
 12187 | D:9      | XOM: give mutations
 12187 | D:9      | Gained mutation: Armour fits poorly on your strangely
                  | shaped body. [Xom's mischief]
 12187 | D:9      | Gained mutation: Your body sometimes deteriorates upon
                  | taking damage. [Xom's mischief]
 12286 | D:9      | XOM: stat loss: -1 Dex (15/16)
 12313 | D:10     | Found an ornate altar of the Wu Jian Council.
 12350 | D:10     | XOM: god gift: scroll of fog
 12465 | D:10     | XOM: give mutations
 12465 | D:10     | Lost mutation: Your muscles are strong. (Str +2) [Xom's
                  | mischief]
 12465 | D:10     | Lost mutation: Your flesh is cold resistant. (rC+) [Xom's
                  | mischief]
 12465 | D:10     | Lost mutation: Armour fits poorly on your strangely shaped
                  | body. [Xom's mischief]
 12465 | D:10     | Lost mutation: You are agile. (Dex +2) [Xom's mischief]
 12578 | D:11     | XOM: stealth player
 12578 | D:11     | Noticed Psyche
 12581 | D:11     | Found a radiant altar of Vehumet.
 12583 | D:11     | Killed Psyche
 12652 | D:11     | XOM: scenery: 1 doors open, 1 doors close
 12704 | D:11     | XOM: summons 1 hostile shadow creature
 13084 | D:10     | XOM: give mutations
 13084 | D:10     | Gained mutation: You have hidden genetic potential. [Xom's
                  | mischief]
 13084 | D:10     | Lost mutation: Your body sometimes deteriorates upon taking
                  | damage. [Xom's mischief]
 13084 | D:10     | Gained mutation: You are dopey. (Int -2) [Xom's mischief]
 13618 | D:11     | Found a staircase to the Orcish Mines.
 14015 | Lair:1   | Entered Level 1 of the Lair of Beasts
 14023 | Lair:1   | XOM: fake destruction
 14029 | Lair:1   | Identified the +7 falchion of Sharp Optimality {venom,
                  | Int+4}
 14041 | Lair:1   | XOM: cleaving
 14251 | Lair:1   | XOM: 5-stop teleportation journey
 14345 | Lair:1   | XOM: polymorph cane toad -> blink frog
 14350 | Lair:1   | XOM: 1-stop teleportation journey
 14423 | Lair:1   | XOM: 3-stop teleportation journey
 14435 | Lair:1   | Gained mutation: A demonic guardian rushes to your aid.
                  | [demonic ancestry]
 14435 | Lair:1   | Reached XP level 12. HP: 97/97 MP: 10/12
 14482 | Lair:1   | XOM: 1-stop teleportation journey
 14555 | Lair:1   | XOM: 4-stop teleportation journey
 14655 | Lair:1   | Found a transporter.
 14661 | Lair:1   | Noticed Jethan's ghost (journeyman DjWz)
 14732 | Lair:1   | Found a transporter.
 14835 | Lair:1   | XOM: draining
 14856 | Lair:1   | XOM: draining
 15021 | Lair:2   | Reached skill level 10 in Fighting
 15159 | Lair:2   | Noticed an eight-headed hydra
 15161 | Lair:2   | XOM: enchant monster (good)
 15167 | Lair:2   | XOM: 2-stop teleportation journey
 15227 | Lair:2   | XOM: summons 7 hostile demons
 15232 | Lair:2   | XOM: enchant monster (bad)
 15251 | Lair:2   | Reached skill level 5 in Shields
 15252 | Lair:2   | Killed from afar by a rime drake

Illustrated notes

Levels and vault maps discovered:
D:1:      dpeg_arrival_chambers_temple_mockup, layout_basic,
          chequers_ecumenical_altar_island, moated_statue, minmay_crystal_water
D:2:      layout_basic, uniq_terence, uniq_sigmund
D:3:      layout_basic, uniq_jessica
D:4:      layout_loops_ring, minmay_pentangle
D:5:      layout_layer_cave, bloody_trog, uniq_eustachio, uniq_ijyb,
          uniq_grinder
D:6:      layout_cave_pools
D:7:      cheibrodos_fzero, layout_basic, nicolae_qazlal_general_emergency,
          temple_green, kennysheep_generic_room_7
D:8:      layout_gridville, overflow_temple_1_default, st_stairs_14,
          hangedman_decor_opposing
D:9:      layout_loops_ring, nicolae_hepliaklqana_monster_ancestors,
          grunt_lair_entry_orc_guard_hut, uniq_erolcha
D:10:     layout_basic, grunt_temple_overflow_cloverleaf, uniq_harold
D:11:     layout_basic, david_orc_4, vehumet_crystals, uniq_psyche
Lair:1:   layout_chaotic_city, gammafunk_ghost_berserking_beasts,
          grunt_megastairs_2
Lair:2:   layout_layer_cave, serial_bayou_shore_b

Skill      XL: |  1  2  3  4  5  6  7  8  9 10 11 12 |
---------------+-------------------------------------+-----
Dodging        | 1 2 3 4 5 6 7 8 |  8.7
Armour         | 2 3 4 5 7 8 |  8.9
Maces & Flails | 3 4 5 6 7 8 9 |  9.1
Fighting       | 4 5 6 8 9 10 | 10.0
Shields        | 2 4 5 |  5.0
Necromancy     | 4 |  4.4

Action                   |  1- 3 |  4- 6 |  7- 9 | 10-12 || total
-------------------------+-------+-------+-------+-------++-------
Melee: Mace              |    84 |    27 |       |       ||   111
       Morningstar       |       |    80 |   101 |   119 ||   300
       Headbutt          |       |    30 |    46 |   100 ||   176
       Flail             |       |    75 |    91 |       ||   166
       Whip              |       |    25 |    71 |   421 ||   517
       Unarmed           |       |       |     6 |       ||     6
       Peck              |       |       |       |    69 ||    69
Throw: Stone             |       |       |     3 |       ||     3
       Dart              |       |       |    11 |     4 ||    15
  Use: Potion            |       |     2 |     2 |     4 ||     8
       Scroll            |       |       |     7 |     4 ||    11
 Stab: Distracted        |       |       |     2 |     1 ||     3
       Confused          |       |       |     3 |       ||     3
       Sleeping          |       |       |     2 |       ||     2
       Petrified         |       |       |       |    10 ||    10
Armor: Leather armour    |    46 |    93 |    24 |       ||   163
       Plate armour      |       |       |    32 |    50 ||    82
       Skin              |       |       |     1 |       ||     1
       Robe              |       |       |    17 |       ||    17
       Steam dragon scal |       |       |    44 |   115 ||   159
       Chain mail        |       |       |       |    38 ||    38
Dodge: Dodged            |    49 |   132 |   207 |   207 ||   595
Block: Kite shield       |       |       |       |   145 ||   145
       Buckler           |       |       |       |    14 ||    14

Table legend: (Time is in decaauts)
 A = Elapsed time spent in this place.
 B = Non-inter-level travel time spent in this place.
 C = Inter-level travel time spent in this place.
 D = Time resting spent in this place.
 E = Time spent auto-exploring this place.
 F = Levels seen in this place.
 G = Mean time per level.
                   A        B        C        D        E       F      G
               +--------+--------+--------+--------+--------+-----+--------+
         Total |  15530 |  15159 |    371 |   1063 |  11023 |  13 | 1194.6 |
       Dungeon |  14265 |  13906 |    359 |   1031 |   9964 |  11 | 1296.8 |
          Lair |   1264 |   1252 |     12 |     31 |   1059 |   2 |  632.0 |
               +--------+--------+--------+--------+--------+-----+--------+

Top non-repeatable levels by time:
     D:5: 2143 daAuts
     D:7: 2024 daAuts
     D:9: 1686 daAuts
     D:4: 1650 daAuts
     D:1: 1443 daAuts
    D:10: 1262 daAuts
    D:11: 1178 daAuts
     D:8: 1000 daAuts
  Lair:1: 987 daAuts
     D:3: 870 daAuts
     D:6: 620 daAuts
     D:2: 384 daAuts
  Lair:2: 277 daAuts
